2171 views
Uploaded 2023-04-09 15:15:03
Game version 1.35 (6115)
25:27 long 4on4 ladder game on (8)OrdealGround_S2_v1.07
Saved by Thegaminkman
2171 views
Uploaded 2023-04-09 15:15:03
Game version 1.35 (6115)
25:27 long 4on4 ladder game on (8)OrdealGround_S2_v1.07


179 units @ 29.2k
/ 4.9k
77 buildings @ 11.1k
/ 4k


| Potion of Healing | 4 | 600 |
| Scroll of Regeneration | 3 | 300 |
| Orb of Fire | 2 | 650 |
| Mechanical Critter | 1 | 50 |
| Scroll of Healing | 1 | 250 |
| Scroll of Town Portal | 2 | 700 |
| Circlet of Nobility | 2 | 350 |
| Potion of Lesser Invulnerability | 2 | 300 |
| Periapt of Vitality | 1 | 325 |
| Rod of Necromancy | 1 | 150 |
| total: | 19 | 3675g |
| Peasant | 18 | 1350 | / | 0 |
| Footman | 8 | 1080 | / | 0 |
| Knight | 14 | 3430 | / | 840 |
| Siege Engine | 2 | 390 | / | 120 |
| total: | 42 | 6250g | / | 960w |
| Scout Tower | 4 | 120 | / | 80 |
| Arcane Tower | 1 | 70 | / | 50 |
| Guard Tower | 2 | 140 | / | 100 |
| Altar of Kings | 1 | 180 | / | 50 |
| Farm | 13 | 1040 | / | 260 |
| Barracks | 3 | 480 | / | 180 |
| Lumber Mill | 1 | 120 | / | 0 |
| Town Hall | 1 | 385 | / | 205 |
| Blacksmith | 1 | 140 | / | 60 |
| Arcane Vault | 1 | 130 | / | 30 |
| Workshop | 2 | 280 | / | 280 |
| Keep | 1 | 320 | / | 210 |
| Castle | 1 | 360 | / | 210 |
| total: | 27 | 2875g | / | 1145w |
| 0:23 | Peasant |
| 0:23 | Peasant |
| 0:23 | Peasant |
| 0:23 | Peasant |
| 0:23 | Peasant |
| 0:39 | Altar of Kings |
| 0:55 | Farm |
| 0:58 | Farm |
| 1:09 | Barracks |
| 1:16 | Peasant |
| 1:25 | Lumber Mill |
| 1:45 | Peasant |
| 1:47 | Peasant |
| 1:52 | Peasant |
| 1:54 | Peasant |
| 2:10 | Footman |
| 2:19 | Footman |
| 2:34 | Improved Lumber Harvesting |
| 3:03 | Thunder Clap |
| 3:46 | Town Hall |
| 3:51 | Peasant |
| 3:51 | Peasant |
| 3:53 | Improved Masonry |
| 4:20 | Scout Tower |
| 4:48 | Arcane Tower |
| 4:50 | Peasant |
| 4:54 | Peasant |
| 4:59 | Footman |
| 5:05 | Storm Bolt |
| 5:16 | Keep |
| 5:20 | Peasant |
| 5:30 | Scout Tower |
| 5:40 | Footman |
| 5:40 | Footman |
| 5:42 | Peasant |
| 5:42 | Peasant |
| 5:52 | Blacksmith |
| 6:08 | Footman |
| 6:08 | Footman |
| 6:14 | Peasant |
| 6:17 | Guard Tower |
| 6:25 | Scout Tower |
| 6:26 | Scout Tower |
| 6:31 | Farm |
| 6:33 | Farm |
| 6:38 | Farm |
| 6:39 | Farm |
| 6:44 | Farm |
| 6:46 | Farm |
| 7:03 | Arcane Vault |
| 7:05 | Iron Forged Swords |
| 7:05 | Iron Plating |
| 7:06 | Black Gunpowder |
| 7:11 | Farm |
| 7:13 | Farm |
| 7:20 | Guard Tower |
| 7:25 | Barracks |
| 7:32 | Barracks |
| 8:05 | Steel Forged Swords |
| 8:08 | Castle |
| 8:18 | Advanced Lumber Harvesting |
| 8:27 | Workshop |
| 8:28 | Workshop |
| 8:50 | Circlet of Nobility |
| 8:51 | Potion of Lesser Invulnerability |
| 9:07 | Footman |
| 9:13 | Advanced Masonry |
| 9:15 | Steel Plating |
| 9:35 | Thunder Clap |
| 10:33 | Knight |
| 10:34 | Animal War Training |
| 10:51 | Barrage |
| 10:54 | Siege Engine |
| 11:00 | Knight |
| 11:14 | Potion of Healing |
| 11:18 | Potion of Healing |
| 12:03 | Holy Light |
| 12:21 | Knight |
| 12:29 | Knight |
| 12:47 | Knight |
| 13:09 | Mithril Plating |
| 13:17 | Mithril Forged Swords |
| 13:53 | Periapt of Vitality |
| 13:54 | Circlet of Nobility |
| 14:07 | Potion of Lesser Invulnerability |
| 14:13 | Devotion Aura |
| 14:43 | Storm Bolt |
| 15:05 | Knight |
| 15:09 | Siege Engine |
| 15:14 | Scroll of Regeneration |
| 15:30 | Orb of Fire |
| 15:52 | Knight |
| 16:18 | Rod of Necromancy |
| 16:29 | Knight |
| 17:06 | Scroll of Healing |
| 17:07 | Scroll of Town Portal |
| 17:44 | Knight |
| 18:17 | Knight |
| 18:36 | Holy Light |
| 19:29 | Knight |
| 19:36 | Scroll of Regeneration |
| 19:57 | Potion of Healing |
| 19:57 | Orb of Fire |
| 19:59 | Scroll of Town Portal |
| 20:00 | Potion of Healing |
| 20:05 | Scroll of Regeneration |
| 20:11 | Farm |
| 20:28 | Farm |
| 20:29 | Farm |
| 20:31 | Refined Gunpowder |
| 20:37 | Imbued Masonry |
| 20:59 | Mechanical Critter |
| 21:58 | Thunder Clap |
| 22:06 | Knight |
| 22:06 | Knight |
| 23:08 | Knight |
| 24:27 | Divine Shield |
| 25:15 | Holy Light |
| 25:20 | Avatar |
| Right click | 416 |
| Select | 284 |
| Build/train/purchase | 140 |
| Chat | 66 |
| Use ability | 27 |
| Misc. action | 20 |
| Select group | 14 |
| Assign group | 7 |
| Resource trade | 6 |
| Minimap ping | 2 |


| Rod of Necromancy | 3 | 450 |
| Sacrificial Skull | 2 | 100 |
| Orb of Corruption | 1 | 375 |
| Scroll of Town Portal | 1 | 350 |
| total: | 7 | 1275g |
| Acolyte | 16 | 1200 | / | 0 |
| Ghoul | 7 | 840 | / | 0 |
| Crypt Fiend | 8 | 1720 | / | 320 |
| Obsidian Statue | 7 | 1400 | / | 245 |
| Abomination | 5 | 1200 | / | 350 |
| Meat Wagon | 3 | 690 | / | 150 |
| Necromancer | 4 | 580 | / | 80 |
| total: | 50 | 7630g | / | 1145w |
| Nerubian Tower | 2 | 200 | / | 40 |
| Spirit Tower | 1 | 145 | / | 40 |
| Crypt | 1 | 200 | / | 50 |
| Altar of Darkness | 1 | 180 | / | 50 |
| Ziggurat | 10 | 1500 | / | 500 |
| Tomb of Relics | 2 | 260 | / | 60 |
| Necropolis | 2 | 450 | / | 0 |
| Graveyard | 1 | 215 | / | 0 |
| Slaughterhouse | 2 | 280 | / | 270 |
| Temple of the Damned | 2 | 310 | / | 280 |
| Halls of the Dead | 1 | 320 | / | 210 |
| Black Citadel | 1 | 325 | / | 230 |
| total: | 21 | 3395g | / | 1210w |
| 0:03 | Acolyte |
| 0:07 | Crypt |
| 0:11 | Altar of Darkness |
| 0:22 | Ziggurat |
| 0:32 | Acolyte |
| 0:53 | Tomb of Relics |
| 1:09 | Ghoul |
| 1:21 | Ghoul |
| 1:29 | Ziggurat |
| 1:40 | Ghoul |
| 1:56 | Ghoul |
| 2:09 | Rod of Necromancy |
| 2:11 | Sacrificial Skull |
| 2:12 | Frost Nova |
| 2:20 | Acolyte |
| 2:55 | Ghoul |
| 3:06 | Dark Ritual |
| 3:10 | Acolyte |
| 3:11 | Acolyte |
| 3:49 | Ghoul |
| 3:51 | Ghoul |
| 3:52 | Acolyte |
| 3:53 | Acolyte |
| 4:15 | Ziggurat |
| 4:19 | Necropolis |
| 4:28 | Frost Nova |
| 4:39 | Halls of the Dead |
| 4:43 | Rod of Necromancy |
| 4:48 | Ziggurat |
| 4:49 | Ziggurat |
| 5:05 | Graveyard |
| 5:43 | Nerubian Tower |
| 6:29 | Creature Attack |
| 6:34 | Acolyte |
| 6:43 | Ziggurat |
| 7:16 | Slaughterhouse |
| 7:18 | Crypt Fiend |
| 7:19 | Burrow |
| 7:22 | Black Citadel |
| 7:23 | Nerubian Tower |
| 7:25 | Rod of Necromancy |
| 7:33 | Spirit Tower |
| 7:52 | Slaughterhouse |
| 8:01 | Crypt Fiend |
| 8:02 | Web |
| 8:11 | Death Coil |
| 8:13 | Sacrificial Skull |
| 8:29 | Obsidian Statue |
| 8:31 | Improved Creature Attack |
| 8:32 | Unholy Strength |
| 9:00 | Obsidian Statue |
| 9:04 | Crypt Fiend |
| 9:07 | Unholy Armor |
| 9:43 | Abomination |
| 9:43 | Disease Cloud |
| 9:44 | Abomination |
| 10:05 | Unholy Aura |
| 10:09 | Dark Ritual |
| 10:35 | Crypt Fiend |
| 10:36 | Crypt Fiend |
| 10:50 | Destroyer Form |
| 10:50 | Abomination |
| 11:42 | Abomination |
| 11:43 | Improved Unholy Strength |
| 12:13 | Acolyte |
| 12:16 | Acolyte |
| 12:18 | Tomb of Relics |
| 12:26 | Improved Unholy Armor |
| 12:49 | Abomination |
| 12:50 | Obsidian Statue |
| 13:05 | Crypt Fiend |
| 13:05 | Crypt Fiend |
| 13:06 | Advanced Unholy Strength |
| 13:58 | Obsidian Statue |
| 14:09 | Death Coil |
| 14:57 | Advanced Unholy Armor |
| 15:03 | Temple of the Damned |
| 15:04 | Temple of the Damned |
| 15:15 | Orb of Corruption |
| 15:15 | Scroll of Town Portal |
| 15:50 | Acolyte |
| 15:50 | Acolyte |
| 15:50 | Acolyte |
| 16:14 | Crypt Fiend |
| 16:18 | Ziggurat |
| 16:50 | Frost Nova |
| 16:54 | Obsidian Statue |
| 17:04 | Necromancer Adept Training |
| 17:44 | Obsidian Statue |
| 17:45 | Exhume Corpses |
| 17:46 | Necromancer Master Training |
| 18:12 | Unholy Aura |
| 18:17 | Skeletal Mastery |
| 19:45 | Death and Decay |
| 19:55 | Meat Wagon |
| 19:56 | Necromancer |
| 19:56 | Necromancer |
| 20:20 | Obsidian Statue |
| 20:43 | Meat Wagon |
| 20:54 | Necromancer |
| 21:25 | Ziggurat |
| 21:26 | Ziggurat |
| 22:49 | Necropolis |
| 23:01 | Acolyte |
| 23:01 | Acolyte |
| 23:01 | Acolyte |
| 23:22 | Ziggurat |
| 24:08 | Meat Wagon |
| 24:11 | Necromancer |
| 25:08 | Dark Ritual |
| Right click | 1923 |
| Select group | 893 |
| Select | 555 |
| Assign group | 379 |
| Misc. action | 188 |
| Build/train/purchase | 140 |
| Use ability | 81 |
| Remove unit | 5 |
| Item give/drop | 1 |
| Minimap ping | 1 |



| Rod of Necromancy | 2 | 300 |
| Sacrificial Skull | 1 | 50 |
| Potion of Healing | 4 | 600 |
| Ritual Dagger | 2 | 250 |
| Orb of Corruption | 1 | 375 |
| Potion of Mana | 2 | 400 |
| Scroll of Healing | 1 | 250 |
| Scroll of Town Portal | 3 | 1050 |
| Potion of Lesser Invulnerability | 1 | 150 |
| Scroll of Protection | 1 | 150 |
| total: | 18 | 3575g |
| Acolyte | 10 | 750 | / | 0 |
| Ghoul | 5 | 600 | / | 0 |
| Crypt Fiend | 10 | 2150 | / | 400 |
| Necromancer | 8 | 1160 | / | 160 |
| Abomination | 5 | 1200 | / | 350 |
| Banshee | 3 | 465 | / | 90 |
| Meat Wagon | 3 | 690 | / | 150 |
| Obsidian Statue | 1 | 200 | / | 35 |
| total: | 45 | 7215g | / | 1185w |
| Nerubian Tower | 3 | 300 | / | 60 |
| Spirit Tower | 4 | 580 | / | 160 |
| Crypt | 1 | 200 | / | 50 |
| Altar of Darkness | 1 | 180 | / | 50 |
| Ziggurat | 7 | 1050 | / | 350 |
| Tomb of Relics | 1 | 130 | / | 30 |
| Graveyard | 1 | 215 | / | 0 |
| Necropolis | 1 | 225 | / | 0 |
| Slaughterhouse | 1 | 140 | / | 135 |
| Temple of the Damned | 1 | 155 | / | 140 |
| Halls of the Dead | 1 | 320 | / | 210 |
| Black Citadel | 1 | 325 | / | 230 |
| total: | 14 | 2295g | / | 755w |
| 0:06 | Acolyte |
| 0:06 | Acolyte |
| 0:07 | Acolyte |
| 0:07 | Acolyte |
| 0:15 | Crypt |
| 0:25 | Altar of Darkness |
| 0:57 | Ziggurat |
| 1:13 | Tomb of Relics |
| 1:22 | Cannibalize |
| 1:22 | Ghoul |
| 1:50 | Graveyard |
| 1:53 | Nerubian Tower |
| 2:08 | Ziggurat |
| 2:14 | Ghoul |
| 2:30 | Backpack |
| 2:35 | Ghoul |
| 2:51 | Ghoul |
| 3:00 | Rod of Necromancy |
| 3:04 | Sacrificial Skull |
| 3:08 | Sleep |
| 3:57 | Halls of the Dead |
| 4:00 | Spirit Tower |
| 4:04 | Ghoul |
| 4:29 | Crypt Fiend |
| 4:49 | Crypt Fiend |
| 4:54 | Vampiric Aura |
| 5:04 | Crypt Fiend |
| 5:26 | Ziggurat |
| 6:24 | Burrow |
| 6:24 | Web |
| 6:26 | Spirit Tower |
| 6:32 | Slaughterhouse |
| 6:36 | Temple of the Damned |
| 6:52 | Potion of Healing |
| 6:56 | Ritual Dagger |
| 7:01 | Rod of Necromancy |
| 7:53 | Carrion Swarm |
| 8:18 | Black Citadel |
| 8:26 | Necropolis |
| 8:48 | Ziggurat |
| 8:50 | Ziggurat |
| 9:02 | Necromancer |
| 9:36 | Crypt Fiend |
| 9:47 | Crypt Fiend |
| 10:05 | Nerubian Tower |
| 10:06 | Spirit Tower |
| 10:25 | Exhume Corpses |
| 10:42 | Scroll of Healing |
| 10:45 | Carrion Swarm |
| 10:51 | Acolyte |
| 10:51 | Acolyte |
| 10:51 | Acolyte |
| 10:52 | Acolyte |
| 10:54 | Acolyte |
| 11:18 | Disease Cloud |
| 11:18 | Destroyer Form |
| 11:21 | Necromancer |
| 12:13 | Necromancer |
| 12:13 | Necromancer |
| 12:15 | Necromancer Adept Training |
| 12:15 | Skeletal Mastery |
| 12:20 | Ziggurat |
| 12:22 | Ziggurat |
| 12:46 | Creature Attack |
| 12:46 | Creature Carapace |
| 13:08 | Abomination |
| 13:14 | Spirit Tower |
| 13:16 | Nerubian Tower |
| 14:00 | Necromancer Master Training |
| 14:04 | Death Coil |
| 14:09 | Improved Creature Attack |
| 14:56 | Scroll of Town Portal |
| 14:58 | Ritual Dagger |
| 15:07 | Orb of Corruption |
| 15:13 | Frost Nova |
| 16:15 | Carrion Swarm |
| 16:49 | Potion of Healing |
| 16:56 | Frost Armor |
| 17:01 | Ghoul Frenzy |
| 17:02 | Crypt Fiend |
| 17:02 | Crypt Fiend |
| 17:02 | Crypt Fiend |
| 17:03 | Crypt Fiend |
| 17:03 | Crypt Fiend |
| 17:04 | Necromancer |
| 17:04 | Necromancer |
| 17:05 | Banshee Adept Training |
| 17:06 | Banshee |
| 17:41 | Potion of Mana |
| 17:50 | Acolyte |
| 17:51 | Abomination |
| 17:52 | Abomination |
| 17:53 | Meat Wagon |
| 17:54 | Meat Wagon |
| 17:55 | Obsidian Statue |
| 18:51 | Scroll of Town Portal |
| 18:53 | Potion of Lesser Invulnerability |
| 19:18 | Scroll of Protection |
| 19:40 | Banshee Master Training |
| 19:58 | Potion of Healing |
| 19:58 | Scroll of Town Portal |
| 20:07 | Necromancer |
| 20:07 | Necromancer |
| 20:09 | Banshee |
| 20:09 | Banshee |
| 20:29 | Abomination |
| 20:30 | Improved Creature Carapace |
| 20:50 | Potion of Healing |
| 20:53 | Potion of Mana |
| 21:32 | Unholy Strength |
| 21:32 | Unholy Armor |
| 21:36 | Abomination |
| 22:30 | Unholy Aura |
| 23:07 | Improved Unholy Strength |
| 23:07 | Advanced Creature Attack |
| 23:07 | Advanced Creature Carapace |
| 23:11 | Meat Wagon |
| 23:50 | Frost Nova |
| 24:27 | Inferno |
| 24:53 | Death Coil |
| 25:13 | Unholy Aura |
| 25:20 | Frost Armor |
| Right click | 685 |
| Select | 311 |
| Build/train/purchase | 162 |
| Select group | 108 |
| Use ability | 47 |
| Misc. action | 34 |
| Assign group | 9 |
| Chat | 8 |
| Item give/drop | 2 |
| Remove unit | 2 |
| Esc | 1 |
| Minimap ping | 1 |


| Rod of Necromancy | 2 | 300 |
| Orb of Corruption | 1 | 375 |
| Potion of Mana | 2 | 400 |
| Scroll of Healing | 6 | 1500 |
| Scroll of Town Portal | 2 | 700 |
| total: | 13 | 3275g |
| Acolyte | 9 | 675 | / | 0 |
| Ghoul | 3 | 360 | / | 0 |
| Crypt Fiend | 17 | 3655 | / | 680 |
| Obsidian Statue | 6 | 1200 | / | 210 |
| Abomination | 3 | 720 | / | 210 |
| Frost Wyrm | 4 | 1540 | / | 480 |
| total: | 42 | 8150g | / | 1580w |
| Spirit Tower | 2 | 290 | / | 80 |
| Nerubian Tower | 2 | 200 | / | 40 |
| Crypt | 2 | 400 | / | 100 |
| Graveyard | 1 | 215 | / | 0 |
| Altar of Darkness | 1 | 180 | / | 50 |
| Ziggurat | 7 | 1050 | / | 350 |
| Tomb of Relics | 1 | 130 | / | 30 |
| Necropolis | 1 | 225 | / | 0 |
| Slaughterhouse | 1 | 140 | / | 135 |
| Boneyard | 1 | 175 | / | 200 |
| Halls of the Dead | 2 | 640 | / | 420 |
| Black Citadel | 2 | 650 | / | 460 |
| total: | 15 | 2515g | / | 865w |
| 0:02 | Acolyte |
| 0:04 | Crypt |
| 0:22 | Graveyard |
| 0:34 | Altar of Darkness |
| 0:51 | Acolyte |
| 0:56 | Ziggurat |
| 1:01 | Acolyte |
| 1:01 | Acolyte |
| 1:16 | Ghoul |
| 1:48 | Ghoul |
| 2:05 | Crypt Fiend |
| 2:07 | Ziggurat |
| 2:42 | Tomb of Relics |
| 2:52 | Death Coil |
| 2:55 | Halls of the Dead |
| 3:26 | Crypt Fiend |
| 3:50 | Rod of Necromancy |
| 3:58 | Crypt Fiend |
| 4:14 | Crypt Fiend |
| 4:17 | Unholy Aura |
| 4:26 | Ziggurat |
| 4:57 | Crypt Fiend |
| 5:26 | Acolyte |
| 6:12 | Death Coil |
| 6:24 | Burrow |
| 6:28 | Frost Nova |
| 6:29 | Rod of Necromancy |
| 6:40 | Slaughterhouse |
| 6:58 | Necropolis |
| 6:59 | Acolyte |
| 7:33 | Ziggurat |
| 8:10 | Ziggurat |
| 8:11 | Ziggurat |
| 8:25 | Creature Attack |
| 8:31 | Black Citadel |
| 8:46 | Scroll of Healing |
| 9:09 | Dark Ritual |
| 9:22 | Obsidian Statue |
| 9:23 | Crypt Fiend |
| 9:24 | Creature Carapace |
| 9:30 | Spirit Tower |
| 9:55 | Death Pact |
| 10:34 | Crypt Fiend |
| 10:35 | Obsidian Statue |
| 10:44 | Crypt Fiend |
| 11:00 | Crypt Fiend |
| 11:02 | Abomination |
| 11:51 | Crypt Fiend |
| 12:11 | Obsidian Statue |
| 12:18 | Boneyard |
| 12:25 | Acolyte |
| 12:26 | Acolyte |
| 12:26 | Acolyte |
| 12:38 | Frost Nova |
| 13:25 | Crypt Fiend |
| 14:33 | Crypt Fiend |
| 14:34 | Frost Wyrm |
| 14:35 | Abomination |
| 14:35 | Disease Cloud |
| 14:45 | Nerubian Tower |
| 14:47 | Ziggurat |
| 14:52 | Ghoul |
| 15:24 | Crypt |
| 15:30 | Orb of Corruption |
| 15:31 | Scroll of Healing |
| 15:32 | Scroll of Healing |
| 15:33 | Scroll of Town Portal |
| 15:35 | Potion of Mana |
| 15:55 | Frost Wyrm |
| 15:56 | Crypt Fiend |
| 16:00 | Web |
| 17:02 | Crypt Fiend |
| 17:03 | Frost Wyrm |
| 17:03 | Abomination |
| 17:05 | Death Coil |
| 17:07 | Dark Ritual |
| 17:35 | Crypt Fiend |
| 18:04 | Scroll of Healing |
| 19:28 | Crypt Fiend |
| 20:20 | Destroyer Form |
| 20:24 | Scroll of Town Portal |
| 20:26 | Scroll of Healing |
| 20:30 | Scroll of Healing |
| 20:30 | Potion of Mana |
| 20:32 | Frost Nova |
| 20:44 | Obsidian Statue |
| 21:18 | Obsidian Statue |
| 21:21 | Frost Wyrm |
| 21:57 | Animate Dead |
| 22:38 | Crypt Fiend |
| 23:09 | Improved Creature Attack |
| 23:10 | Improved Creature Carapace |
| 24:36 | Obsidian Statue |
| 25:15 | Unholy Aura |
| 25:20 | Death and Decay |
| Right click | 1598 |
| Select group | 1017 |
| Select | 516 |
| Misc. action | 151 |
| Build/train/purchase | 141 |
| Use ability | 74 |
| Assign group | 48 |
| Minimap ping | 8 |
| Remove unit | 3 |
| Item give/drop | 1 |
154 units @ 24.5k
/ 3.5k
76 buildings @ 10.2k
/ 3.3k

| Scroll of Regeneration | 4 | 400 |
| Staff of Sanctuary | 1 | 250 |
| Potion of Healing | 3 | 450 |
| Scroll of Town Portal | 4 | 1400 |
| Potion of Lesser Invulnerability | 2 | 300 |
| Periapt of Vitality | 1 | 325 |
| Orb of Corruption | 1 | 375 |
| total: | 16 | 3500g |
| Peasant | 14 | 1050 | / | 0 |
| Footman | 8 | 1080 | / | 0 |
| Knight | 16 | 3920 | / | 960 |
| total: | 38 | 6050g | / | 960w |
| Altar of Kings | 1 | 180 | / | 50 |
| Farm | 11 | 880 | / | 220 |
| Barracks | 4 | 640 | / | 240 |
| Arcane Vault | 1 | 130 | / | 30 |
| Town Hall | 1 | 385 | / | 205 |
| Lumber Mill | 1 | 120 | / | 0 |
| Blacksmith | 1 | 140 | / | 60 |
| Keep | 1 | 320 | / | 210 |
| Castle | 1 | 360 | / | 210 |
| total: | 20 | 2475g | / | 805w |
| 0:03 | Peasant |
| 0:03 | Peasant |
| 0:15 | Altar of Kings |
| 0:19 | Farm |
| 0:23 | Barracks |
| 0:27 | Peasant |
| 0:30 | Peasant |
| 0:52 | Peasant |
| 0:52 | Peasant |
| 1:02 | Farm |
| 1:09 | Peasant |
| 1:27 | Footman |
| 1:35 | Footman |
| 1:43 | Farm |
| 2:05 | Footman |
| 2:13 | Peasant |
| 2:14 | Peasant |
| 2:19 | Farm |
| 2:21 | Flame Strike |
| 2:58 | Arcane Vault |
| 2:59 | Farm |
| 3:02 | Footman |
| 3:05 | Footman |
| 3:24 | Siphon Mana |
| 3:48 | Keep |
| 3:49 | Footman |
| 4:29 | Town Hall |
| 4:34 | Scroll of Regeneration |
| 5:14 | Farm |
| 5:23 | Scroll of Regeneration |
| 5:41 | Footman |
| 5:41 | Footman |
| 5:45 | Lumber Mill |
| 5:48 | Blacksmith |
| 6:03 | Flame Strike |
| 6:31 | Castle |
| 6:33 | Barracks |
| 7:01 | Barracks |
| 7:05 | Iron Forged Swords |
| 7:06 | Iron Plating |
| 7:07 | Improved Lumber Harvesting |
| 7:10 | Peasant |
| 7:45 | Peasant |
| 7:45 | Peasant |
| 8:13 | Siphon Mana |
| 8:42 | Steel Forged Swords |
| 8:44 | Advanced Lumber Harvesting |
| 8:48 | Peasant |
| 8:48 | Peasant |
| 8:54 | Knight |
| 8:55 | Knight |
| 9:15 | Animal War Training |
| 10:08 | Steel Plating |
| 10:10 | Knight |
| 10:23 | Potion of Lesser Invulnerability |
| 12:09 | Knight |
| 12:09 | Knight |
| 12:11 | Scroll of Town Portal |
| 12:12 | Staff of Sanctuary |
| 12:30 | Mithril Forged Swords |
| 12:30 | Mithril Plating |
| 12:32 | Knight |
| 13:05 | Flame Strike |
| 15:06 | Scroll of Town Portal |
| 15:07 | Orb of Corruption |
| 15:17 | Knight |
| 15:21 | Farm |
| 15:23 | Farm |
| 15:24 | Farm |
| 15:25 | Farm |
| 15:26 | Farm |
| 16:21 | Summon Phoenix |
| 17:33 | Knight |
| 17:33 | Knight |
| 17:35 | Scroll of Town Portal |
| 17:36 | Scroll of Regeneration |
| 17:44 | Potion of Healing |
| 17:57 | Knight |
| 18:11 | Potion of Healing |
| 20:29 | Scroll of Town Portal |
| 20:38 | Periapt of Vitality |
| 20:45 | Knight |
| 22:09 | Siphon Mana |
| 22:25 | Knight |
| 22:26 | Knight |
| 22:26 | Knight |
| 22:57 | Barracks |
| 23:05 | Potion of Lesser Invulnerability |
| 23:24 | Potion of Healing |
| 23:26 | Scroll of Regeneration |
| 25:07 | Knight |
| 25:07 | Knight |
| Right click | 802 |
| Select | 272 |
| Select group | 107 |
| Build/train/purchase | 88 |
| Use ability | 85 |
| Assign group | 39 |
| Item give/drop | 8 |
| Minimap ping | 7 |



| Rod of Necromancy | 2 | 300 |
| Ritual Dagger | 1 | 125 |
| Potion of Healing | 7 | 1050 |
| Orb of Corruption | 1 | 375 |
| Scroll of Town Portal | 2 | 700 |
| Scroll of Healing | 3 | 750 |
| Potion of Lesser Invulnerability | 1 | 150 |
| Scroll of Protection | 1 | 150 |
| total: | 18 | 3600g |
| Acolyte | 11 | 825 | / | 0 |
| Ghoul | 2 | 240 | / | 0 |
| Crypt Fiend | 18 | 3870 | / | 720 |
| Obsidian Statue | 12 | 2400 | / | 420 |
| total: | 43 | 7335g | / | 1140w |
| Nerubian Tower | 1 | 100 | / | 20 |
| Spirit Tower | 4 | 580 | / | 160 |
| Graveyard | 1 | 215 | / | 0 |
| Crypt | 1 | 200 | / | 50 |
| Altar of Darkness | 1 | 180 | / | 50 |
| Ziggurat | 8 | 1200 | / | 400 |
| Tomb of Relics | 2 | 260 | / | 60 |
| Necropolis | 1 | 225 | / | 0 |
| Slaughterhouse | 1 | 140 | / | 135 |
| Halls of the Dead | 1 | 320 | / | 210 |
| Black Citadel | 1 | 325 | / | 230 |
| total: | 15 | 2420g | / | 695w |
| 0:03 | Acolyte |
| 0:05 | Graveyard |
| 0:06 | Crypt |
| 0:17 | Acolyte |
| 0:39 | Altar of Darkness |
| 0:55 | Ziggurat |
| 1:10 | Ghoul |
| 1:22 | Tomb of Relics |
| 1:23 | Tomb of Relics |
| 1:47 | Crypt Fiend |
| 2:07 | Nerubian Tower |
| 2:18 | Crypt Fiend |
| 2:43 | Rod of Necromancy |
| 2:45 | Death Coil |
| 3:05 | Ziggurat |
| 3:30 | Halls of the Dead |
| 3:57 | Crypt Fiend |
| 4:14 | Unholy Aura |
| 4:31 | Crypt Fiend |
| 5:21 | Ritual Dagger |
| 5:23 | Rod of Necromancy |
| 5:28 | Crypt Fiend |
| 5:31 | Ziggurat |
| 5:53 | Web |
| 6:15 | Death Coil |
| 6:27 | Slaughterhouse |
| 6:29 | Ghoul |
| 7:33 | Frost Nova |
| 7:39 | Crypt Fiend |
| 7:41 | Obsidian Statue |
| 7:43 | Ziggurat |
| 8:44 | Black Citadel |
| 8:57 | Potion of Healing |
| 9:11 | Crypt Fiend |
| 9:14 | Obsidian Statue |
| 9:20 | Ziggurat |
| 9:41 | Unholy Aura |
| 9:45 | Crypt Fiend |
| 9:48 | Creature Attack |
| 9:51 | Frost Armor |
| 10:54 | Crypt Fiend |
| 11:16 | Acolyte |
| 11:16 | Acolyte |
| 11:17 | Acolyte |
| 11:17 | Acolyte |
| 11:18 | Acolyte |
| 11:30 | Improved Creature Attack |
| 12:05 | Obsidian Statue |
| 12:05 | Destroyer Form |
| 12:14 | Impale |
| 12:24 | Necropolis |
| 12:39 | Scroll of Town Portal |
| 12:51 | Potion of Healing |
| 14:00 | Potion of Healing |
| 14:21 | Frost Nova |
| 14:39 | Spiked Carapace |
| 14:51 | Death Coil |
| 14:59 | Obsidian Statue |
| 15:00 | Crypt Fiend |
| 15:03 | Ziggurat |
| 15:05 | Ziggurat |
| 15:06 | Ziggurat |
| 15:34 | Advanced Creature Attack |
| 15:37 | Potion of Lesser Invulnerability |
| 15:40 | Scroll of Protection |
| 16:10 | Obsidian Statue |
| 16:30 | Crypt Fiend |
| 16:32 | Obsidian Statue |
| 16:44 | Frost Armor |
| 16:50 | Impale |
| 17:32 | Obsidian Statue |
| 17:33 | Crypt Fiend |
| 17:34 | Spirit Tower |
| 17:37 | Spirit Tower |
| 17:48 | Creature Carapace |
| 18:03 | Potion of Healing |
| 18:13 | Spirit Tower |
| 18:15 | Obsidian Statue |
| 18:25 | Crypt Fiend |
| 18:55 | Scroll of Healing |
| 19:31 | Crypt Fiend |
| 19:33 | Obsidian Statue |
| 19:46 | Orb of Corruption |
| 19:55 | Potion of Healing |
| 20:36 | Crypt Fiend |
| 20:36 | Obsidian Statue |
| 21:00 | Scroll of Healing |
| 21:09 | Improved Creature Carapace |
| 21:19 | Acolyte |
| 21:22 | Acolyte |
| 22:29 | Obsidian Statue |
| 22:29 | Crypt Fiend |
| 22:45 | Scroll of Town Portal |
| 22:58 | Potion of Healing |
| 23:01 | Potion of Healing |
| 23:13 | Obsidian Statue |
| 23:14 | Crypt Fiend |
| 23:20 | Acolyte |
| 23:20 | Acolyte |
| 23:43 | Crypt Fiend |
| 23:52 | Scroll of Healing |
| 24:37 | Animate Dead |
| Select group | 1867 |
| Right click | 884 |
| Select | 504 |
| Misc. action | 298 |
| Build/train/purchase | 148 |
| Use ability | 88 |
| Assign group | 51 |
| Item give/drop | 11 |
| Minimap ping | 11 |
| Esc | 5 |


| Scroll of Regeneration | 5 | 500 |
| Potion of Healing | 2 | 300 |
| Scroll of Town Portal | 1 | 350 |
| total: | 8 | 1150g |
| Peasant | 8 | 600 | / | 0 |
| Rifleman | 16 | 3280 | / | 480 |
| Priest | 5 | 675 | / | 50 |
| Sorceress | 6 | 930 | / | 120 |
| Knight | 3 | 735 | / | 180 |
| total: | 38 | 6220g | / | 830w |
| Scout Tower | 2 | 60 | / | 40 |
| Arcane Tower | 1 | 70 | / | 50 |
| Guard Tower | 1 | 70 | / | 50 |
| Altar of Kings | 1 | 180 | / | 50 |
| Farm | 10 | 800 | / | 200 |
| Blacksmith | 1 | 140 | / | 60 |
| Barracks | 1 | 160 | / | 60 |
| Lumber Mill | 1 | 120 | / | 0 |
| Arcane Vault | 1 | 130 | / | 30 |
| Arcane Sanctum | 2 | 300 | / | 280 |
| Workshop | 1 | 140 | / | 140 |
| Keep | 1 | 320 | / | 210 |
| Castle | 1 | 360 | / | 210 |
| total: | 20 | 2030g | / | 860w |
| 0:02 | Peasant |
| 0:03 | Peasant |
| 0:18 | Altar of Kings |
| 0:23 | Peasant |
| 0:34 | Farm |
| 0:39 | Farm |
| 0:44 | Peasant |
| 0:51 | Blacksmith |
| 1:07 | Peasant |
| 1:08 | Peasant |
| 1:27 | Peasant |
| 1:34 | Peasant |
| 1:42 | Barracks |
| 2:07 | Scout Tower |
| 2:15 | Farm |
| 2:22 | Summon Water Elemental |
| 2:29 | Farm |
| 2:50 | Rifleman |
| 2:51 | Rifleman |
| 3:12 | Arcane Tower |
| 3:15 | Rifleman |
| 3:32 | Lumber Mill |
| 4:02 | Rifleman |
| 4:04 | Keep |
| 4:26 | Arcane Vault |
| 4:30 | Scout Tower |
| 4:38 | Rifleman |
| 4:59 | Brilliance Aura |
| 5:11 | Rifleman |
| 5:17 | Farm |
| 5:19 | Farm |
| 5:34 | Rifleman |
| 6:08 | Rifleman |
| 6:14 | Black Gunpowder |
| 6:16 | Improved Lumber Harvesting |
| 6:27 | Guard Tower |
| 7:21 | Arcane Sanctum |
| 7:24 | Arcane Sanctum |
| 7:29 | Summon Water Elemental |
| 7:53 | Farm |
| 7:56 | Advanced Lumber Harvesting |
| 8:01 | Farm |
| 8:14 | Flame Strike |
| 8:24 | Studded Leather Armor |
| 8:25 | Scroll of Regeneration |
| 8:32 | Scroll of Regeneration |
| 8:44 | Priest |
| 8:46 | Priest |
| 9:44 | Rifleman |
| 9:44 | Rifleman |
| 10:17 | Sorceress |
| 10:47 | Rifleman |
| 10:48 | Rifleman |
| 10:49 | Long Rifles |
| 11:07 | Sorceress Adept Training |
| 12:20 | Castle |
| 12:24 | Sorceress |
| 12:25 | Priest |
| 12:36 | Improved Masonry |
| 12:59 | Siphon Mana |
| 14:02 | Brilliance Aura |
| 14:56 | Sorceress Master Training |
| 15:01 | Sorceress |
| 15:15 | Reinforced Leather Armor |
| 15:58 | Flame Strike |
| 16:14 | Priest Adept Training |
| 16:58 | Sorceress |
| 17:27 | Rifleman |
| 17:27 | Rifleman |
| 17:29 | Priest |
| 17:30 | Priest Master Training |
| 17:52 | Rifleman |
| 18:09 | Rifleman |
| 18:37 | Potion of Healing |
| 18:54 | Knight |
| 18:55 | Knight |
| 19:14 | Summon Water Elemental |
| 20:17 | Siphon Mana |
| 20:27 | Knight |
| 20:34 | Sorceress |
| 20:36 | Farm |
| 20:38 | Farm |
| 22:39 | Sorceress |
| 22:39 | Priest |
| 22:46 | Scroll of Regeneration |
| 22:47 | Scroll of Town Portal |
| 23:09 | Workshop |
| 23:19 | Scroll of Regeneration |
| 24:43 | Potion of Healing |
| 24:44 | Scroll of Regeneration |
| Right click | 1143 |
| Select group | 860 |
| Select | 404 |
| Build/train/purchase | 118 |
| Use ability | 46 |
| Assign group | 42 |
| Resource trade | 6 |
| Item give/drop | 1 |



| Rod of Necromancy | 2 | 300 |
| Orb of Corruption | 1 | 375 |
| Scroll of Town Portal | 1 | 350 |
| Circlet of Nobility | 4 | 700 |
| Potion of Lesser Invulnerability | 3 | 450 |
| total: | 11 | 2175g |
| Acolyte | 13 | 975 | / | 0 |
| Ghoul | 5 | 600 | / | 0 |
| Crypt Fiend | 9 | 1935 | / | 360 |
| Gargoyle | 8 | 1400 | / | 240 |
| total: | 35 | 4910g | / | 600w |
| Nerubian Tower | 13 | 1300 | / | 260 |
| Crypt | 2 | 400 | / | 100 |
| Altar of Darkness | 1 | 180 | / | 50 |
| Ziggurat | 16 | 2400 | / | 800 |
| Graveyard | 1 | 215 | / | 0 |
| Tomb of Relics | 1 | 130 | / | 30 |
| Halls of the Dead | 1 | 320 | / | 210 |
| Black Citadel | 1 | 325 | / | 230 |
| total: | 21 | 3325g | / | 980w |
| 0:03 | Acolyte |
| 0:03 | Acolyte |
| 0:12 | Crypt |
| 0:18 | Altar of Darkness |
| 0:37 | Ziggurat |
| 0:43 | Acolyte |
| 1:15 | Ghoul |
| 1:16 | Ghoul |
| 1:37 | Graveyard |
| 1:47 | Ghoul |
| 1:51 | Ghoul |
| 2:10 | Ghoul |
| 2:20 | Ziggurat |
| 2:35 | Ziggurat |
| 2:44 | Carrion Beetles |
| 3:15 | Ziggurat |
| 4:13 | Tomb of Relics |
| 4:32 | Crypt Fiend |
| 4:33 | Crypt Fiend |
| 4:37 | Creature Attack |
| 4:39 | Halls of the Dead |
| 4:59 | Spiked Carapace |
| 5:19 | Ziggurat |
| 5:25 | Crypt Fiend |
| 5:58 | Crypt Fiend |
| 6:12 | Ziggurat |
| 6:15 | Nerubian Tower |
| 6:35 | Crypt Fiend |
| 6:52 | Circlet of Nobility |
| 7:16 | Nerubian Tower |
| 7:23 | Acolyte |
| 7:23 | Acolyte |
| 7:27 | Acolyte |
| 7:40 | Potion of Lesser Invulnerability |
| 7:55 | Acolyte |
| 7:56 | Acolyte |
| 8:10 | Ziggurat |
| 8:25 | Ziggurat |
| 8:32 | Acolyte |
| 8:39 | Acolyte |
| 8:56 | Ziggurat |
| 9:04 | Nerubian Tower |
| 9:21 | Nerubian Tower |
| 9:34 | Impale |
| 9:59 | Nerubian Tower |
| 11:10 | Ziggurat |
| 11:52 | Spiked Carapace |
| 12:06 | Nerubian Tower |
| 12:10 | Ziggurat |
| 12:16 | Black Citadel |
| 12:20 | Improved Creature Attack |
| 12:20 | Creature Carapace |
| 12:21 | Web |
| 12:40 | Crypt |
| 12:48 | Gargoyle |
| 13:28 | Death Coil |
| 13:46 | Gargoyle |
| 13:46 | Gargoyle |
| 13:46 | Gargoyle |
| 13:48 | Gargoyle |
| 13:48 | Gargoyle |
| 13:49 | Gargoyle |
| 13:49 | Gargoyle |
| 14:21 | Rod of Necromancy |
| 15:02 | Ziggurat |
| 15:05 | Advanced Creature Attack |
| 15:05 | Improved Creature Carapace |
| 15:22 | Ziggurat |
| 15:25 | Ziggurat |
| 15:29 | Ziggurat |
| 15:33 | Crypt Fiend |
| 15:35 | Crypt Fiend |
| 15:55 | Ziggurat |
| 16:16 | Circlet of Nobility |
| 16:21 | Potion of Lesser Invulnerability |
| 16:32 | Nerubian Tower |
| 16:48 | Nerubian Tower |
| 16:51 | Nerubian Tower |
| 17:27 | Nerubian Tower |
| 17:29 | Nerubian Tower |
| 17:34 | Acolyte |
| 17:35 | Acolyte |
| 17:37 | Acolyte |
| 19:42 | Advanced Creature Carapace |
| 20:36 | Orb of Corruption |
| 20:45 | Rod of Necromancy |
| 20:49 | Scroll of Town Portal |
| 20:54 | Crypt Fiend |
| 20:57 | Crypt Fiend |
| 21:02 | Circlet of Nobility |
| 21:02 | Circlet of Nobility |
| 21:22 | Vampiric Aura |
| 21:24 | Potion of Lesser Invulnerability |
| 22:21 | Carrion Beetles |
| 23:35 | Nerubian Tower |
| Right click | 854 |
| Select | 282 |
| Build/train/purchase | 91 |
| Use ability | 24 |
| Resource trade | 5 |
| Remove unit | 2 |
| Minimap ping | 2 |
⇛